 Dungeon Crawl Stone Soup version 0.31.0-12-g77e489cdc1 (webtiles) character file.

Game seed: 3910075325640008632

506 Gadfly the Ducker (level 6, -2/47 HPs)
             Began as a Demonspawn Monk on Feb 24, 2024.
             Splashed by a jelly's acid (5 damage)
             ... on level 5 of the Dungeon.
             The game lasted 00:06:01 (4025 turns).

Gadfly the Ducker (Demonspawn Monk)                 Turns: 4025, Time: 00:06:03

Health: -2/47      AC: -2    Str: 23    XL:     6   Next: 97%
Magic:  6/6        EV: 13    Int: 10    God:
Gold:   325        SH:  0    Dex: 15    Spells: 5/5 levels left

rFire   + . .        b - +7 hand axe "Killer Klown's Foe" {venom, rPois rF+ Str+3}
rCold   . . .        c - orb {light}
rNeg    + . .        a - +0 robe
rPois   +            (helmet restricted)
rElec   +            p - +2 cloak {rPois}
rCorr   .            d - +0 pair of gloves
SInv    .            (no boots)
Will    .....        (no amulet)
Stlth   +            e - +6 ring of strength
HPRegen 0.27/turn    i - ring of positive energy
MPRegen 0.10/turn

%: no passive effects
@: corroded, glowing
A: antennae 2, thin metallic scales 3
a: no special abilities


You were on level 5 of the Dungeon.
You visited 1 branch of the dungeon, and saw 5 of its levels.
You also visited: Sewer.

You collected 325 gold pieces.

Inventory:

Hand Weapons
 b - the +7 hand axe "Killer Klown's Foe" (weapon) {venom, rPois rF+ Str+3}
   (You found it on level 4 of the Dungeon)

   Str+3:     It affects your strength (+3).
   rF+:       It protects you from fire.
   rPois:     It protects you from poison
Armour
 a - a +0 robe (worn)
 c - an orb of light (worn)
 d - a +0 pair of gloves (worn)
 p - a +2 cloak of poison resistance (worn)
Jewellery
 e - a +6 ring of strength (left hand)
 i - a ring of positive energy (right hand)
Wands
 l - a wand of iceblast (10)
Scrolls
 m - a scroll of fear
 n - a scroll of teleportation
 o - 2 scrolls of enchant weapon
 s - a scroll of brand weapon
Potions
 f - a potion of curing
 g - a potion of might {unknown}
 h - a potion of haste {unknown}
 j - a potion of ambrosia
 k - a potion of enlightenment {unknown}
 q - a potion of berserk rage
 r - 2 potions of heal wounds


   Skills:
 - Level 3.0 Fighting
 + Level 3.8 Dodging
 + Level 3.7 Unarmed Combat
 * Level 3.8 Evocations
 * Level 3.4 Shapeshifting


You had 5 spell levels left.
You didn't know any spells.
Your spell library contained the following spells:

 Spells                   Type           Power      Damage    Failure   Level
 Fugue of the Fallen      Necr           0%         N/A       75%         3
 Ozocubu's Armour         Ice            0%         N/A       75%         3
 Manifold Assault         Tloc           0%         N/A       98%         4
 Iskenderun's Battlesphe  Conj           0%         2d6       100%        5
 Bombard                  Conj/Erth      0%         9d1       100%        6
 Spellforged Servitor     Conj/Summ      0%         N/A       100%        7


Dungeon Overview and Level Annotations

Branches:
Dungeon (5/15)              Sewer (visited)
 Temple: D:4-7

Altars:
Wu Jian

Shops:
D:4 *


Innate Abilities, Weirdness & Mutations

You have a pair of antennae on your head.
You are completely covered in thin metallic scales. (AC +4, rElec)


Message History

A jelly and a bombardier beetle come into view.
The jelly quivers.
The bombardier beetle moves out of view.
A jelly is nearby!
A jelly is nearby!
The jelly jiggles.
The jelly hits you but does no damage.
There is a stone staircase leading down here.
You hit the jelly.
Your hands burn!
The jelly is lightly wounded.
The jelly barely misses you.
You hit the jelly. The acid corrodes you!
Your hands burn!
The jelly is lightly wounded.
You hit the jelly.
Your hands burn!
The jelly is moderately wounded.
The jelly closely misses you.
You hit the jelly.
Your hands burn!
The jelly is moderately wounded.
The jelly misses you.
You hit the jelly but do no damage. The acid corrodes you!
Your hands burn!
The jelly is moderately wounded.
The jelly hits you. The acid corrodes you!
You are splashed with acid!
You are too injured to fight recklessly!
You are too injured to fight recklessly!
You are too injured to fight recklessly!
There are monsters nearby!
There are monsters nearby!
Unknown command.
You feel stronger.
The +7 hand axe "Killer Klown's Foe" {venom, rPois rF+ Str+3} begins to drip with poison!
b - the +7 hand axe "Killer Klown's Foe" (weapon)
{venom, rPois rF+ Str+3} The jelly hits you.
You are splashed with acid!
* * * LOW HITPOINT WARNING * * *
You hit the jelly.
The jelly is poisoned.
Your hands burn!
* * * LOW HITPOINT WARNING * * *
The jelly is severely wounded.
The jelly hits you.
* * * LOW HITPOINT WARNING * * *
You are splashed with acid.
You die...

## ## #.
.## #.
.. #. .#
.#B #J#
#@# #.#
#.# #.#
#.# #.#
#.######
#......#
{
#####..#


You could see a bombardier beetle and a jelly (very poisoned).

Vanquished Creatures
  A crocodile (Sewer)
  A brain worm (Sewer)
  A bombardier beetle (D:4)
  An orc priest (D:4)
  Crazy Yiuf (D:4)
  An iguana (D:5)
  Natasha (twice) (D:4)
  An orc wizard (D:4)
  4 adders
  2 ufetubi (D:5)
  2 dart slugs (D:2)
  3 ribbon worms
  12 orcs
  6 ball pythons
  5 endoplasms
  2 giant cockroaches (D:2)
  14 goblins
  10 hobgoblins
  4 jackals
  2 quokkas
  5 bats
  3 frilled lizards
  13 kobolds
  4 rats (D:1)
100 creatures vanquished.

Notes
Turn   | Place    | Note
-------+----------+-------------------------------------------
     0 | D:1      | Gadfly the Demonspawn Monk began the quest for the Orb.
     0 | D:1      | Reached XP level 1. HP: 18/18 MP: 1/1
   140 | D:1      | Gained mutation: You are partially covered in thin metallic
                  | scales. (AC +2) [demonic ancestry]
   140 | D:1      | Reached XP level 2. HP: 11/24 MP: 2/2
   462 | D:1      | Found a faded altar of an unknown god.
   471 | D:1      | Reached skill level 1 in Evocations
   713 | D:1      | Reached skill level 1 in Shapeshifting
  1032 | D:2      | Gained mutation: You have a pair of small antennae on your
                  | head. [demonic ancestry]
  1032 | D:2      | Reached XP level 3. HP: 29/29 MP: 3/3
  1367 | D:2      | Gained mutation: You are mostly covered in thin metallic
                  | scales. (AC +3) [demonic ancestry]
  1367 | D:2      | Reached XP level 4. HP: 32/35 MP: 4/4
  2331 | D:3      | Found an ornate altar of the Wu Jian Council.
  2967 | D:4      | Found a runed translucent door.
  2968 | D:4      | Noticed Crazy Yiuf
  2976 | D:4      | Killed Crazy Yiuf
  2977 | D:4      | Gained mutation: You are completely covered in thin
                  | metallic scales. (AC +4, rElec) [demonic ancestry]
  2977 | D:4      | Reached XP level 5. HP: 9/41 MP: 5/5
  3100 | D:4      | Found Peist's General Store.
  3102 | D:4      | Noticed Natasha
  3113 | D:4      | Killed Natasha
  3186 | D:4      | Noticed Natasha
  3189 | D:4      | Found a glowing drain.
  3194 | D:4      | Killed Natasha
  3219 | D:4      | Gained mutation: You have a pair of antennae on your head.
                  | [demonic ancestry]
  3219 | D:4      | Reached XP level 6. HP: 42/47 MP: 6/6
  3228 | Sewer    | Entered a sewer
  3621 | D:4      | Identified the +7 hand axe "Killer Klown's Foe" {venom,
                  | rPois rF+ Str+3}
  3797 | D:5      | Entered Level 5 of the Dungeon
  4025 | D:5      | Splashed by a jelly's acid

Illustrated notes

Levels and vault maps discovered:
D:1:      lightli_iron_boxes, layout_basic,
          shapermc_ecumenical_altar_mp_highgroup, minmay_tetromino_o2
D:2:      layout_rooms, minmay_goblin_outpost
D:3:      layout_loops_ring, lemuel_coloured_pillars_altar,
          grunt_decor_junction, kennysheep_minor_cross, grunt_decor_arrowhead,
          minmay_goblin_kobold_house
D:4:      nicolae_cairo_tiling_very_big, layout_basic,
          cheibrodos_sewer_entry_bend, serial_shops, shop, supply_closet_lemuel,
          uniq_crazy_yiuf_cottage, uniq_natasha
D:5:      kennysheep_steamy, layout_loops_ring, temple_statues

Skill      XL: |  1  2  3  4  5  6 |
---------------+-------------------+-----
Evocations     | 1 2 3 |  3.8
Shapeshifting  | 1 2 3 |  3.4
Dodging        | 3 |  3.8
Unarmed Combat | 3 |  3.7
Fighting       | |  3.0

Action                     |  1- 3 |  4- 6 || total
---------------------------+-------+-------++-------
  Melee: Unarmed           |   126 |    51 ||   177
         Whip              |     3 |   135 ||   138
         Hand axe          |       |     1 ||     1
    Use: Scroll            |     3 |     6 ||     9
         Potion            |     1 |     2 ||     3
   Stab: Sleeping          |     1 |       ||     1
 Armour: Robe              |    66 |   120 ||   186
  Dodge: Dodged            |    93 |   112 ||   205
